 Dungeon Crawl Stone Soup version 0.26-a0-540-g8a0c9464d7 (webtiles) character file.

Game seed: 7438109726032795066

38831 HammerPanzer the Fencer (level 13, -18/110 HPs)
             Began as a Demonspawn Berserker on Aug 22, 2020.
             Was the Champion of Trog.
             Demolished by Rupert
             ... wielding a +7 great mace of holy wrath
              (32 damage)
             ... on level 14 of the Dungeon.
             The game lasted 00:46:49 (17460 turns).

HammerPanzer the Fencer (Demonspawn Berserker)     Turns: 17460, Time: 00:46:51

Health: -18/110    AC: 23    Str: 25    XL:     13   Next: 65%
Magic:  13/13      EV: 14    Int: 13    God:    Trog [******]
Gold:   895        SH:  5    Dex: 15    Spells: 12/12 levels left

rFire    . . .     SeeInvis .   e - +2 falchion of Pyromania {freeze, rF+ MR++ Int+3 Stlth-}
rCold    + + +     Faith    .   m - +2 buckler
rNeg     + . .     Spirit   .   g - +1 ice dragon scales
rPois    +         Reflect  .   L - +0 hat
rElec    .         Harm     .   u - +2 cloak {rPois}
rCorr    .                      q - +1 pair of gloves
MR       ++...                  c - +0 pair of boots
Stlth    ..........             G - amulet of regeneration
HPRegen  0.68/turn              h - +6 ring of strength
MPRegen  0.13/turn              j - ring of ice

@: berserk cooldown, slowed, studying Armour, very slow
A: antennae 2, rugged brown scales 2, demonic guardian 1, fire resistance 1,
negative energy resistance 1, flame cloud immunity
a: Berserk, Trog's Hand, Brothers in Arms, Renounce Religion


You were on level 14 of the Dungeon.
You worshipped Trog.
Trog was exalted by your worship.
You visited 1 branch of the dungeon, and saw 14 of its levels.
You also visited: Bailey.

You collected 895 gold pieces.

Inventory:

Hand Weapons
 b - a +2 scimitar of flaming
 e - the +2 falchion of Pyromania (weapon) {freeze, rF+ MR++ Int+3 Stlth-}
   (You found it on level 10 of the Dungeon)

   It has been specially enchanted to freeze those struck by it, causing extra
   injury to most foes and up to half again as much damage against particularly
   susceptible opponents.
   It can also slow down cold-blooded creatures.
   It affects your intelligence (+3).
   It protects you from fire.
   It affects your resistance to hostile enchantments.
   It makes you less stealthy.
 D - a cursed +0 mace
 E - a +2 vorpal falchion
 H - a +1 vorpal great sword
Missiles
 f - 16 boomerangs (quivered)
Armour
 c - a +0 pair of boots (worn)
 g - +1 ice dragon scales (worn)
 m - a +2 buckler (worn)
 q - a +1 pair of gloves (worn)
 u - a +2 cloak of poison resistance (worn)
 y - a +0 tower shield
 L - a +0 hat (worn)
Jewellery
 h - a +6 ring of strength (left hand)
 j - a ring of ice (right hand)
 x - an uncursed amulet of the acrobat
 G - an amulet of regeneration (around neck)
 K - the ring "Detog" {*Slow rElec MP+9 Dex+6, unknown}
   (You found it on level 13 of the Dungeon)

   [ring of dexterity]

   It affects your dexterity (+6).
   It insulates you from electricity.
   It affects your magic capacity (+9).
   It may slow you when you take damage.
 N - a +6 ring of dexterity {unknown}
Wands
 a - a wand of digging (8)
 l - a wand of flame (29)
 p - a wand of iceblast (7)
 M - a wand of random effects (13)
Scrolls
 d - a scroll of blinking
 k - 6 scrolls of teleportation
 n - 2 scrolls of magic mapping
 t - a scroll of enchant armour
 v - a scroll of enchant weapon
 C - a scroll of fear
 I - 6 scrolls of identify
 J - a scroll of remove curse
Potions
 i - 4 potions of curing
 o - 3 potions of flight
 s - a potion of might
 w - 5 potions of haste
 z - 2 potions of invisibility
 A - 3 potions of brilliance
 B - 2 potions of heal wounds
Books
 r - a manual of Armour
Miscellaneous
 F - a phantom mirror


   Skills:
 - Level 10.8 Fighting
 * Level 15.6 Long Blades
 + Level 10.1 Armour
 + Level 8.2 Dodging


You had 12 spell levels left.
You didn't know any spells.
Your spell library was empty.

Dungeon Overview and Level Annotations

Branches:
Dungeon (14/15)            Temple (0/1) D:4            Lair (0/6) D:8
    Orc (0/2) D:11         Vaults (0/5) D:13         Bailey (visited)

Altars:
Ashenzari
Cheibriados
Dithmenos
Gozag
Nemelex Xobeh
Qazlal
Sif Muna
Trog
Vehumet
Wu Jian
Xom
Yredelemnul
Zin
The Shining One

Shops:
D:7 =   D:11 *

Portals:
Trove: D:11 (give +3 shadow dragon scales)

Annotations:
D:14 Rupert


Innate Abilities, Weirdness & Mutations

You have a pair of antennae on your head.
You are mostly covered in rugged brown scales. (AC +2, +5% HP)
A weak demonic guardian rushes to your aid.
Your flesh is heat resistant. (rF+)
You resist negative energy. (rN+)
You are immune to clouds of flame.


Message History

Your quasit barely misses the bullfrog.
The bullfrog hits you but does no damage.
Rupert rages.
Your quasit misses the bullfrog.
Your quasit closely misses the bullfrog.
Your quasit claws the bullfrog.
You block the bullfrog's attack.
Your quasit bites the bullfrog.
Your quasit claws the bullfrog.
Your quasit barely misses the bullfrog.
The bullfrog hits you but does no damage.
You block Rupert's attack.
Your quasit bites the bullfrog.
Your quasit misses the bullfrog.
Your quasit closely misses the bullfrog.
Rupert barely misses you. The bullfrog barely misses you.
Your quasit bites the bullfrog.
Your quasit closely misses the bullfrog.
Your quasit claws the bullfrog.
Rupert hits you with a +7 great mace of holy wrath!!
* * * LOW HITPOINT WARNING * * *
You convulse!!
You die...

#.####+#...#
#.#... #...#
# #^.. #...#
#....#...#
#....##..#
#.....#..# ..
#.....'.5#
...#######..#
......)..)@##
.........F@#
######....#
#...5# #....#
#.#### #.#
..######.#
.........#


You could see Rupert (berserk), a bullfrog, a friendly iron imp (summoned) and a
friendly quasit (summoned).

Vanquished Creatures
  A frost giant (D:8)
  A catoblepas (D:11)
  Erica (D:11)
  3 two-headed ogres
  5 death yaks (D:8)
  A wizard (D:13)
  A deep elf mage (D:14)
  5 ugly things
  2 cyclopes
  A wolf spider (D:11)
  2 manticores
  A komodo dragon (D:14)
  2 kobold demonologists
  5 trolls
  2 hornets
  A hornet (shapeshifter) (D:13)
  4 slime creatures
  A blink frog (shapeshifter) (D:8)
  A wraith (D:11)
  A wyvern (D:13)
  11 yaks
  A basilisk (D:13)
  Grum (D:11)
  2 chaos spawn (D:12)
  A soldier ant (D:13)
  An acid dragon (D:13)
  A swamp drake (D:11)
  20 orc warriors
  A hornet zombie (D:12)
  2 sky beasts
  A black bear (D:10)
  7 ogres
  A phantom (D:8)
  An eye of draining (D:11)
  2 wolves (D:11)
  21 centaurs
  A crocodile (D:13)
  4 big kobolds
  2 gnoll sergeants
  5 bullfrogs
  A water moccasin zombie (D:10)
  2 wyvern skeletons
  5 scorpions
  16 killer bees
  7 wights
  An electric eel (D:8)
  3 howler monkeys (D:7)
  A bullfrog zombie (D:5)
  5 centaur zombies
  4 hounds
  A jelly (D:11)
  9 orc priests
  A gnoll shaman (D:8)
  13 orc wizards
  Crazy Yiuf (D:5)
  4 iguanas
  Ijyb (D:5)
  Natasha (thrice) (D:3)
  10 worker ants
  A killer bee zombie (D:10)
  A hound zombie (D:3)
  A worker ant zombie (D:3)
  18 gnolls
  15 adders
  2 white imps
  2 ufetubi
  2 oozes
  2 adder skeletons
  5 worms
  3 dart slugs
  5 leopard geckos
  55 orcs
  7 giant cockroaches
  12 hobgoblins
  7 jackals
  4 quokkas
  2 ball pythons (D:1)
  8 bats
  5 frilled lizards
  14 goblins
  A jackal skeleton (D:3)
  21 kobolds
  A leopard gecko skeleton (D:3)
  7 rats
416 creatures vanquished.

Vanquished Creatures (collateral kills)
  A death yak (D:8)
  A cyclops (D:14)
  A centaur zombie (D:14)
  A hornet (D:11)
  A wraith (D:8)
  2 yaks (D:13)
  Menkaure (D:7)
  A phantom (D:8)
  A bullfrog (D:6)
  A wight (D:10)
  A howler monkey (D:4)
  A hound (D:5)
  3 gnolls
  An ufetubus (D:6)
  4 orcs
  2 kobolds (D:7)
  A frilled lizard (D:3)
24 creatures vanquished.

Grand Total: 440 creatures vanquished

Notes
Turn   | Place    | Note
-------+----------+-------------------------------------------
     0 | D:1      | HammerPanzer the Demonspawn Berserker began the quest for
                  | the Orb.
     0 | D:1      | Reached XP level 1. HP: 18/18 MP: 1/1
   250 | D:1      | Reached skill level 3 in Long Blades
   256 | D:1      | Gained mutation: A weak demonic guardian rushes to your
                  | aid. [demonic ancestry]
   256 | D:1      | Reached XP level 2. HP: 24/24 MP: 2/2
   684 | D:1      | Reached ** piety under Trog
   684 | D:1      | Gained mutation: Your flesh is heat resistant. (rF+)
                  | [demonic ancestry]
   684 | D:1      | Reached XP level 3. HP: 25/29 MP: 3/3
  1352 | D:2      | Reached skill level 4 in Long Blades
  1352 | D:2      | Reached XP level 4. HP: 29/37 MP: 4/4
  2360 | D:3      | Gained mutation: You have a pair of small antennae on your
                  | head. [demonic ancestry]
  2360 | D:3      | Reached XP level 5. HP: 39/42 MP: 5/5
  2480 | D:3      | Noticed Natasha
  2492 | D:3      | Killed Natasha
  2492 | D:3      | Reached *** piety under Trog
  2541 | D:3      | Found a bloodstained altar of Trog.
  2583 | D:3      | Found a radiant altar of Vehumet.
  2691 | D:3      | Noticed Natasha
  2798 | D:3      | Killed Natasha
  2798 | D:3      | Reached skill level 5 in Long Blades
  2866 | D:3      | Found a shattered altar of Ashenzari.
  2866 | D:3      | Found an ornate altar of the Wu Jian Council.
  2919 | D:3      | Found a faded altar of an unknown god.
  2921 | D:3      | Found a faded altar of an unknown god.
  2923 | D:3      | Found a shimmering altar of Xom.
  2959 | D:3      | Noticed Natasha
  2971 | D:3      | Killed Natasha
  3014 | D:3      | Reached XP level 6. HP: 24/49 MP: 6/6
  3432 | D:4      | Found a staircase to the Ecumenical Temple.
  3913 | D:5      | Entered Level 5 of the Dungeon
  3940 | D:5      | Reached skill level 5 in Fighting
  3940 | D:5      | Reached skill level 6 in Long Blades
  4012 | D:5      | Gained mutation: You are partially covered in rugged brown
                  | scales. (AC +1, +3% HP) [demonic ancestry]
  4012 | D:5      | Reached XP level 7. HP: 36/57 MP: 7/7
  4297 | D:5      | Noticed Ijyb
  4304 | D:5      | Killed Ijyb
  4476 | D:5      | Found a runed translucent door.
  4477 | D:5      | Noticed Crazy Yiuf
  4484 | D:5      | Killed Crazy Yiuf
  4545 | D:5      | Found a sparkling altar of Nemelex Xobeh.
  4545 | D:5      | Found an opulent altar of Gozag.
  4679 | D:5      | Found a glowing golden altar of the Shining One.
  5032 | D:6      | Reached skill level 7 in Long Blades
  5618 | D:7      | You fall into a shaft and drop 1 floor!
  5618 | D:8      | Found a staircase to the Lair.
  5618 | D:8      | Noticed a death yak
  5618 | D:8      | Noticed a death yak
  5618 | D:8      | Noticed a death yak
  5618 | D:8      | Noticed a death yak
  5618 | D:8      | Noticed a death yak
  5619 | D:8      | Noticed a death yak
  5619 | D:8      | Noticed a wraith
  5755 | D:7      | Found Qimuxauh's Jewellery Boutique.
  5761 | D:7      | Gained mutation: You have a pair of antennae on your head.
                  | [demonic ancestry]
  5761 | D:7      | Reached XP level 8. HP: 65/65 MP: 8/8
  5781 | D:7      | Found a shadowy altar of Dithmenos.
  5847 | D:7      | Reached skill level 8 in Long Blades
  5987 | D:7      | Found a basalt altar of Yredelemnul.
  6108 | D:7      | Noticed Menkaure
  6121 | D:7      | Killed Menkaure
  6121 | D:7      | Reached **** piety under Trog
  6465 | D:7      | Found a glowing silver altar of Zin.
  6527 | D:7      | Reached skill level 9 in Long Blades
  6907 | D:7      | Reached XP level 9. HP: 68/74 MP: 9/9
  6938 | D:7      | Found a stormy altar of Qazlal.
  7121 | D:8      | Found a large runed translucent door.
  7168 | D:8      | Found a large runed translucent door.
  7228 | D:8      | Reached skill level 10 in Long Blades
  7248 | D:8      | Killed a death yak
  7619 | D:8      | Found a basalt altar of Yredelemnul.
  7634 | D:8      | Found a snail-covered altar of Cheibriados.
  7634 | D:8      | Noticed a frost giant
  7644 | D:8      | Killed a frost giant
  7644 | D:8      | Reached skill level 11 in Long Blades
  7644 | D:8      | Gained mutation: You are immune to clouds of flame.
                  | [demonic ancestry]
  7644 | D:8      | Reached XP level 10. HP: 85/85 MP: 10/10
  7762 | D:8      | Reached ***** piety under Trog
  8036 | D:8      | Killed a death yak
  8313 | D:8      | Found a shimmering blue altar of Sif Muna.
  8465 | D:8      | Reached skill level 12 in Long Blades
  8806 | D:8      | Killed a death yak
  8935 | D:8      | Killed a death yak
  8935 | D:8      | Reached skill level 10 in Fighting
  8945 | D:8      | Killed a death yak
  8956 | D:8      | Killed a death yak
  8956 | D:8      | Gained mutation: You are mostly covered in rugged brown
                  | scales. (AC +2, +5% HP) [demonic ancestry]
  8956 | D:8      | Reached XP level 11. HP: 72/96 MP: 11/11
  9443 | D:9      | Paralysed by a hornet for 2 turns
  9473 | D:9      | Found a flagged portal.
  9492 | Bailey   | Entered a bailey
  9776 | Bailey   | Reached skill level 13 in Long Blades
 11524 | D:10     | Entered Level 10 of the Dungeon
 11572 | D:10     | Reached skill level 5 in Armour
 11572 | D:10     | Reached skill level 5 in Dodging
 11572 | D:10     | Gained mutation: You resist negative energy. (rN+) [demonic
                  | ancestry]
 11572 | D:10     | Reached XP level 12. HP: 103/103 MP: 12/12
 11685 | D:10     | Received a gift from Trog
 12008 | D:10     | Got a slimy falchion
 12024 | D:10     | Reached skill level 14 in Long Blades
 12192 | D:10     | Identified the cursed +2 falchion of Pyromania {freeze, rF+
                  | MR++ Int+3 Stlth-} (You found it on level 10 of the
                  | Dungeon)
 12744 | D:11     | Found Fuahut's General Store.
 13024 | D:11     | Found a staircase to the Orcish Mines.
 13174 | D:11     | Noticed a catoblepas
 13174 | D:11     | Noticed a two-headed ogre
 13196 | D:11     | Killed a catoblepas
 13200 | D:11     | Killed a two-headed ogre
 13265 | D:11     | Reached XP level 13. HP: 69/110 MP: 13/13
 13508 | D:11     | Found a portal to a secret trove of treasure.
 13751 | D:11     | Noticed Erica
 13768 | D:11     | Killed Erica
 13831 | D:11     | Noticed Grum
 13837 | D:11     | Killed Grum
 14139 | D:11     | Received a gift from Trog
 14221 | D:12     | Found the +7 mace of Variability {chain chaos}
 14230 | D:12     | Found a shimmering altar of Xom.
 14429 | D:12     | Reached skill level 15 in Long Blades
 14740 | D:12     | Reached ****** piety under Trog
 16047 | D:13     | Got a brightly glowing jade ring
 16484 | D:13     | Found a gate to the Vaults.
 17268 | D:14     | Reached skill level 10 in Armour
 17442 | D:14     | Noticed Rupert
 17460 | D:14     | Demolished by Rupert

Illustrated notes

Levels and vault maps discovered:
D:1:      dpeg_arrival_rhombi, layout_rooms
D:2:      layout_loops_corners
D:3:      layout_rooms, nicolae_overflow_crystal_walls, lemuel_crystal_altar,
          chequers_temple_overflow_minitemple, serial_undead, serial_undead_e,
          serial_undead_d, serial_undead_d, serial_undead_b, uniq_natasha
D:4:      layout_loops_cross, minmay_temple_entry_waves, corexii_checkpoint_a
D:5:      layout_cave_pools, grunt_temple_overflow_opulence, tso_altar,
          uniq_ijyb, uniq_crazy_yiuf_cottage
D:6:      layout_gridville
D:7:      layout_basic, yredelemnul_altar_generic,
          lemuel_coloured_pillars_altar, old_standard_altar,
          grunt_qazlal_clouds, serial_shops, shop, columned_hall_lemuel,
          uniq_menkaure
D:8:      layout_loops_ring, nicolae_overflow_hidden_temple, dpeg_lair_monsters,
          st_stairs_9, fountainhead, jmf_multi_god_temple2
D:9:      layout_gridville, enter_bailey_3
D:10:     minmay_inner_zag, layout_irregular_city, kennysheep_generic_room_14
D:11:     layout_loops_ring, erik_orc_1, serial_shops, shop, enter_trove_2,
          minmay_the_grid_square_5x5_3x3_mashed
          [minmay_the_grid_square_5x5_empty,
          minmay_the_grid_square_5x5_tri_point, minmay_the_grid_square_5x5_plus,
          minmay_the_grid_square_5x5_shrine1,
          minmay_the_grid_square_5x5_megaprize_crossed,
          minmay_the_grid_square_5x5_inverted_slash,
          minmay_the_grid_square_5x5_shrine2,
          minmay_the_grid_square_5x5_three_small, minmay_the_grid_square_5x5_n],
          uniq_erica, uniq_grum
D:12:     layout_basic, chequers_hall_statues_wall_a,
          minmay_guarded_unrand_variability
D:13:     layout_basic, david_vaults_1
D:14:     layout_irregular_city, kennysheep_cluttered_room, uniq_louise,
          uniq_rupert, uniq_kirke, uniq_snorg

Skill      XL: |  1  2  3  4  5  6  7  8  9 10 11 12 13 |
---------------+----------------------------------------+-----
Long Blades    | 3 4 5 6 7 9 11 12 13 14 15 | 15.6
Fighting       | 4 5 6 7 9 10 | 10.8
Armour         | 5 8 10 | 10.1
Dodging        | 5 7 8 |  8.2

Action                   |  1- 3 |  4- 6 |  7- 9 | 10-12 | 13-15 || total
-------------------------+-------+-------+-------+-------+-------++-------
Melee: Falchion          |   103 |   196 |   100 |   211 |   506 ||  1116
       Long sword        |       |       |   250 |   454 |       ||   704
Throw: Boomerang         |       |       |       |     3 |       ||     3
Invok: Berserk           |       |     5 |    12 |    12 |     6 ||    35
Evoke: Wand              |       |       |       |     1 |       ||     1
  Use: Scroll            |       |    11 |     5 |     8 |     1 ||    25
       Potion            |       |       |     1 |     3 |       ||     4
 Stab: Distracted        |       |       |     1 |     5 |     2 ||     8
Armor: Animal skin       |     7 |       |       |       |       ||     7
       Scale mail        |    31 |     4 |       |       |       ||    35
       Ice dragon scales |       |    66 |   157 |   264 |   148 ||   635
       Chain mail        |       |    11 |       |       |       ||    11
Dodge: Dodged            |    68 |    68 |   134 |   237 |   153 ||   660
Block: Buckler           |       |    48 |   102 |   155 |    72 ||   377
       Rpst.: Falchion   |    17 |    17 |    16 |    23 |    53 ||   126
       Long sword        |       |       |    33 |    42 |       ||    75

Table legend: (Time is in decaauts)
 A = Elapsed time spent in this place.
 B = Non-inter-level travel time spent in this place.
 C = Inter-level travel time spent in this place.
 D = Time resting spent in this place.
 E = Time spent auto-exploring this place.
 F = Levels seen in this place.
 G = Mean time per level.
                   A        B        C        D        E       F      G
               +--------+--------+--------+--------+--------+-----+--------+
         Total |  17456 |  16690 |    766 |   4246 |   7631 |  15 | 1163.7 |
       Dungeon |  16135 |  15369 |    766 |   3863 |   7506 |  14 | 1152.5 |
        Bailey |   1321 |   1321 |      0 |    383 |    125 |   1 | 1321.0 |
               +--------+--------+--------+--------+--------+-----+--------+

Top non-repeatable levels by time:
     D:8: 2192 daAuts
    D:13: 1795 daAuts
     D:7: 1634 daAuts
    D:11: 1558 daAuts
     D:2: 1421 daAuts
  Bailey: 1321 daAuts
    D:10: 1080 daAuts
     D:3: 1021 daAuts
     D:9: 910 daAuts
     D:6: 904 daAuts
    D:12: 875 daAuts
     D:1: 866 daAuts
     D:5: 823 daAuts
     D:4: 787 daAuts
    D:14: 265 daAuts
